 Dungeon Crawl Stone Soup version 0.20.0-10-g0535bb4 (console) character file.

45 kroen the Sneak (level 3, 0/21 HPs)
             Began as a Halfling Enchanter on June 6, 2017.
             Slain by a gnoll
             ... wielding a +0 club
              (4 damage)
             ... on level 2 of the Dungeon.
             The game lasted 00:03:43 (916 turns).

kroen the Sneak (Halfling Enchanter)                 Turns: 916, Time: 00:03:44

Health: 0/21       AC:  3    Str:  9    XL:     3   Next: 90%
Magic:  1/5        EV: 14    Int: 14    God:
Gold:   37         SH:  0    Dex: 14    Spells: 2/5 levels left

rFire    . . .     SeeInvis .   a - +1 dagger
rCold    . . .     Gourm    .   (shield restricted)
rNeg     . . .     Faith    .   l - +0 leather armour
rPois    .         Spirit   .   (no helmet)
rElec    .         Reflect  .   (no cloak)
rCorr    .         Harm     .   (no gloves)
MR       .....                  (no boots)
Stlth    ++........             (no amulet)
Regen    0.1/turn               (no ring)
MPRegen  0.1/turn               (no ring)

@: no status effects
A: mutation resistance 1
a: no special abilities


You were on level 2 of the Dungeon.
You were hungry.

You visited 1 branch of the dungeon, and saw 2 of its levels.

You collected 37 gold pieces.

Inventory:

Hand Weapons
 a - a +1 dagger (weapon)
Armour
 b - a +0 robe
 l - a +0 leather armour (worn)
Scrolls
 e - a scroll of remove curse {unknown}
 g - a scroll of enchant armour {unknown}
 h - a scroll of fog {unknown}
 i - a scroll of enchant weapon {unknown}
 j - a scroll of identify {unknown}
 n - a scroll of fear {unknown}
 o - a scroll of amnesia {unknown}
Potions
 k - a potion of berserk rage
Books
 c - a book of Maledictions

   Spells                             Type                      Level
   a - Corona                         Hexes                        1
   b - Ensorcelled Hibernation        Hexes/Ice                    2
   c - Confuse                        Hexes                        3
   d - Tukima's Dance                 Hexes                        3
   e - Dazzling Spray                 Conjuration/Hexes            3
Comestibles
 d - a bread ration


   Skills:
 + Level 2.0 Short Blades
 - Level 2.1 Dodging
 + Level 4.0 Stealth
 - Level 1.5 Spellcasting
 * Level 3.1 Hexes


You had 2 spell levels left.
You knew the following spells:

 Your Spells              Type           Power        Failure   Level  Hunger
a - Corona                Hex            #......      10%         1    ##.....
b - Ensorcelled Hibernat  Hex/Ice        #.....       28%         2    ###....


Dungeon Overview and Level Annotations

Branches:
Dungeon (2/15)

Altars:


Innate Abilities, Weirdness & Mutations

You are small and have problems with some larger weapons.
You are somewhat resistant to further mutation.


Message History

You hit the gnoll.
The gnoll is lightly wounded.
You closely miss the gnoll.
The gnoll is lightly wounded.
The gnoll hits you but does no damage.
You hit the gnoll.
The gnoll is heavily wounded.
You feel a little less agile now. The gnoll barely misses you.
You hit the gnoll.
The gnoll is severely wounded.
The gnoll hits you with a club.
* * * LOW HITPOINT WARNING * * *
You barely miss the gnoll.
The gnoll is severely wounded.
The gnoll misses you.
You hit the gnoll.
The gnoll is almost dead.
The gnoll hits you with a club.
You die...

..####........##.#.#
....##..##....##.#.#
................#.#
......##..>.####.#
#.##.###.#.## .#
.##.##.##.....# g#
.†...[....#...# .#
.##.##.##...#.####.#
###.##.###......@g.#
..............###(.#
###.##.##########..#
...##.............#
....#############.##
##### #(# #.# ...
#.#


You could see a gnoll.

Vanquished Creatures
  A gnoll (D:2)
  An adder (D:2)
  A dart slug (D:1)
  A leopard gecko (D:1)
  4 bats (D:1)
  2 giant cockroaches (D:1)
  4 goblins (D:1)
  2 hobgoblins (D:1)
  A kobold (D:1)
  3 frilled lizards
  4 rats
24 creatures vanquished.

Notes
Turn   | Place    | Note
-------+----------+-------------------------------------------
     0 | D:1      | kroen the Halfling Enchanter began the quest for the Orb.
     0 | D:1      | Reached XP level 1. HP: 11/11 MP: 3/3
   171 | D:1      | Reached XP level 2. HP: 17/17 MP: 2/4
   352 | D:1      | Learned a level 2 spell: Ensorcelled Hibernation
   479 | D:1      | Reached XP level 3. HP: 20/21 MP: 5/5
   848 | D:2      | Reached skill level 4 in Stealth
   916 | D:2      | Slain by a gnoll

Skill      XL: |  1  2  3 |
---------------+----------+-----
Stealth        | 4 |  4.0
Hexes          | 3 |  3.1
Short Blades   | 2 |  2.0
Dodging        | |  2.1
Spellcasting   | |  1.5

Action                   || total
-------------------------++-------
Melee: Dagger            ||    77
 Cast: Corona            ||    13
       Ensorcelled Hiber ||     4
  Use: Potion            ||     3
 Stab: Sleeping          ||    12
Armor: Robe              ||     8
       Leather armour    ||    11
Dodge: Dodged            ||    52
